 Dungeon Crawl Stone Soup version 0.20.0-15-g7f486f2 (webtiles) character file.

268 nikopol the Chopper (level 6, -3/53 HPs)
             Began as a Hill Orc Fighter on June 10, 2017.
             Killed by nerve-wracking pain
             ... invoked by removed's ghost
              (5 damage)
             ... on level 3 of the Dungeon.
             The game lasted 00:04:37 (2836 turns).

nikopol the Chopper (Hill Orc Fighter)              Turns: 2836, Time: 00:04:38

Health: -3/53      AC:  9    Str: 21    XL:     6   Next: 21%
Magic:  6/6        EV:  8    Int:  8    God:
Gold:   61         SH:  9    Dex: 10    Spells: 5/5 levels left

rFire    . . .     SeeInvis .   a - +0 war axe
rCold    . . .     Gourm    .   c - +0 shield
rNeg     . . .     Faith    .   b - +0 scale mail
rPois    .         Spirit   .   (no helmet)
rElec    .         Reflect  .   l - +0 cloak
rCorr    .         Harm     .   w - +0 pair of gloves
MR       .....                  (no boots)
Stlth    ..........             (no amulet)
Regen    0.2/turn               (no ring)
MPRegen  0.1/turn               (no ring)

@: no status effects
A: no striking features
a: no special abilities


You were on level 3 of the Dungeon.
You were not hungry.

You visited 1 branch of the dungeon, and saw 3 of its levels.

You collected 61 gold pieces.

Inventory:

Hand Weapons
 a - a +0 war axe (weapon)
Armour
 b - a +0 scale mail (worn)
 c - a +0 shield (worn)
 l - a +0 cloak (worn)
 w - a +0 pair of gloves (worn)
Jewellery
 j - a cursed amulet of inaccuracy {unknown}
 t - an uncursed amulet of guardian spirit {unknown}
Scrolls
 e - 2 scrolls of blinking {unknown}
 g - 4 scrolls of teleportation {unknown}
 h - 4 scrolls of identify {unknown}
 m - a scroll of random uselessness {unknown}
 o - a scroll of enchant armour {unknown}
 q - 3 scrolls of magic mapping {unknown}
 r - a scroll of remove curse {unknown}
 x - a scroll of enchant weapon {unknown}
 y - a scroll of fog {unknown}
Potions
 d - a potion of brilliance {unknown}
 i - 2 potions of invisibility {unknown}
 n - 2 potions of curing {unknown}
 p - a potion of cancellation {unknown}
 s - a potion of mutation {unknown}
 v - a potion of haste {unknown}
Comestibles
 f - a bread ration
 k - a meat ration
 z - a royal jelly


   Skills:
 + Level 4.3 Fighting
 + Level 5.2 Axes
 + Level 4.5 Armour
 + Level 1.0 Dodging
 + Level 4.6 Shields


You had 5 spell levels left.
You didn't know any spells.

Dungeon Overview and Level Annotations

Branches:
Dungeon (3/15)

Altars:
Kikubaaqudgha
Makhleb

Annotations:
D:3 removed's ghost, amateur SpNe


Message History

Removed's ghost whispers, "The ORB doesn't exist."
Removed's ghost points at you and mumbles some strange words.
Pain shoots through your body!
Removed's ghost points at you and mumbles some strange words.
Pain shoots through your body!
Removed's ghost points at you and mumbles some strange words.
Pain shoots through your body! Removed's ghost casts a spell at you.
Pain shoots through your body!
Removed's ghost gestures at you while chanting.
Pain shoots through your body!
* * * LOW HITPOINT WARNING * * *
Removed's ghost casts a spell at you. Pain shoots through your body!
* * * LOW HITPOINT WARNING * * *
Removed's ghost casts a spell at you.
You barely resist. Removed's ghost casts a spell at you.
Pain shoots through your body!
You die...

###.# #.#÷# #.........#......####
# #.# #.#.######..#.###.####.####
###.###.#......#..#.# #.# #.##..
)....##.#.####.#..#.# #.# #.##.#
###..#....####.#..#.# #.# #.##.#
#..#.........)†.#.###.####.##.#
#..#...#####.#.............##.#
#..##.######.#........#######.#
#............#@##.............#
###.###.########.################
......#.# #..# ....#.#.# #.##
#####.#.### #.# #.#...# ##W##
#.#...# ##...## #.##..#
#.....###### ####).###..........#


You could see removed's ghost.

Vanquished Creatures
  Sigmund (D:2)
  An adder (D:3)
  2 oozes
  2 worms (D:3)
  3 dart slugs
  2 leopard geckos (D:2)
  An orc (D:3)
  A giant cockroach (D:2)
  6 goblins
  8 hobgoblins
  13 jackals
  2 quokkas (D:3)
  5 bats
  5 frilled lizards
  10 kobolds
  2 rats
  2 fungi (D:1)
  2 plants (D:1)
68 creatures vanquished.

Notes
Turn   | Place    | Note
-------+----------+-------------------------------------------
     0 | D:1      | nikopol the Hill Orc Fighter began the quest for the Orb.
     0 | D:1      | Reached XP level 1. HP: 19/19 MP: 1/1
   351 | D:1      | Reached XP level 2. HP: 22/27 MP: 2/2
   657 | D:1      | Reached skill level 3 in Axes
   754 | D:1      | Reached XP level 3. HP: 33/33 MP: 3/3
  1416 | D:2      | Noticed Sigmund
  1423 | D:2      | HP: 1/33 [Sigmund/scythe (4)]
  1425 | D:2      | Killed Sigmund
  1425 | D:2      | Reached skill level 5 in Axes
  1425 | D:2      | Reached skill level 1 in Dodging
  1425 | D:2      | Reached XP level 4. HP: 1/40 MP: 4/4
  1425 | D:2      | Reached XP level 5. HP: 2/46 MP: 5/5
  1966 | D:2      | Reached XP level 6. HP: 51/52 MP: 6/6
  2027 | D:2      | Found a burning altar of Makhleb.
  2028 | D:2      | Found an ancient bone altar of Kikubaaqudgha.
  2332 | D:3      | Found a faded altar of an unknown god.
  2811 | D:3      | Noticed removed's ghost (amateur SpNe)
  2834 | D:3      | HP: 2/53 [removed's ghost/nerve-wracking pain (2)]
  2836 | D:3      | Killed from afar by removed's ghost

Skill      XL: |  1  2  3 |
---------------+----------+-----
Axes           | 3 5 |  5.2
Fighting       | 4 |  4.3
Armour         | 4 |  4.5
Dodging        | 1 |  1.0
Shields        | 4 |  4.6

Action                   |  1- 3 |  4- 6 || total
-------------------------+-------+-------++-------
Melee: War axe           |   137 |   133 ||   270
  Use: Potion            |     1 |       ||     1
  Eat: Chunk             |     1 |     6 ||     7
Armor: Scale mail        |    54 |    53 ||   107
Dodge: Dodged            |    41 |    44 ||    85
Block: Shield            |    73 |    72 ||   145
